[Event "Team 45 45 League T85"]
[Site "Internet Chess Club"]
[Date "2020.08.08"]
[Round "6"]
[White "primerpaso"]
[Black "kidcobra"]
[Result "1/2-1/2"]
[WhiteElo "1812"]
[BlackElo "1818"]
[Opening "English: Carls' Bremen system"]
[ECO "A22"]
[Time "14:03:31"]
[TimeControl "2700+45"]

1. c4 e5 2. Nc3 Nf6 3. g3 Bc5 4. Bg2 O-O 5. e3 c6 6. Nge2 d5 7. cxd5 cxd5 8. d4
exd4 9. Nxd4 Nc6 10. Nxc6 bxc6 11. O-O Re8 12. Na4 Bb4 13. Bd2 Qa5 14. Bxb4 Qxb4
15. Qc2 Bf5 16. Qxf5 Qxa4 17. Rfc1 Rac8 18. Qc2 Qxc2 19. Rxc2 Rc7 20. Rac1 Re6
21. b4 Kf8 22. b5 Ke7 23. a4 Rd6 24. Bf1 Nd7 25. bxc6 Nb8 26. Bb5 d4 27. exd4
Rxd4 28. Re2+ Kd6 29. Re8 Nxc6 30. Ra8 Ne5 31. Rxc7 Kxc7 32. Rxa7+ Kb6 33. Re7
Nf3+ 34. Kg2 Ng5 35. h4 Ne4 36. Rxf7 Rd2 37. Rf4 Nc3 38. Rf7 Ne4 39. Be8 g5 40.
hxg5 Nxg5 41. Rf6+ Kc7 42. Bc6 Rc2 43. Bf3 Ra2 44. Rf5 Nxf3 45. Rxf3 Rxa4 46.
Rf7+ Kd6 47. Rxh7 Ke6 48. Rh5 Kf6 49. f3 Ra2+ 50. Kh3 Kg6 51. Rb5 Ra6 52. Kg4
Kh6 53. f4 Kg6 54. Kh4 Rf6 55. Kg4 Ra6 56. f5+ Kf6 57. Kh4 Ra1 58. g4 Rh1+ 59.
Kg3 Kg5 60. Rb6 Rg1+ 61. Kf3 Rg3+ 62. Ke4 Rxg4+ 63. Ke5 Ra4 64. Rg6+ Kh5 65. Rg2
Ra5+ 66. Kf6 Ra6+ 67. Kg7 Ra7+ 68. Kg8 Ra8+ 69. Kh7 Rf8 70. Rh2+ Kg5 {Game drawn
by mutual agreement} 1/2-1/2

[Event "Team 45 45 League T85"]
[Site "Internet Chess Club"]
[Date "2020.08.07"]
[Round "6"]
[White "Manas"]
[Black "QuieroAprender"]
[Result "1/2-1/2"]
[WhiteElo "1620"]
[BlackElo "1587"]
[Opening "Scotch gambit: Benima defense"]
[ECO "C50"]
[Time "20:21:38"]
[TimeControl "2700+45"]

1. e4 e5 2. Nf3 Nc6 3. Bc4 Be7 4. d4 exd4 5. Nxd4 Nf6 6. Nc3 O-O 7. O-O Re8 8.
Be3 Nxd4 9. Bxd4 d6 10. Re1 c5 11. Be3 a6 12. Nd5 b5 13. Nxf6+ Bxf6 14. Bd5 Rb8
15. c3 Bb7 16. Bf4 Be5 17. Bxe5 dxe5 18. a4 Bxd5 19. exd5 c4 20. b3 cxb3 21.
Qxb3 bxa4 22. Qc4 Rc8 23. Qd3 Qa5 24. c4 Qb4 25. Rec1 Red8 26. g3 g6 27. Rab1
Qc5 28. Ra1 Qb4 29. Rab1 Qc5 30. Qe2 Qd4 31. Ra1 f5 32. Rxa4 Rxd5 33. Rxa6 Rdc5
34. Qa2 Kg7 35. Ra7+ R8c7 36. Rxc7+ Rxc7 37. c5 h5 38. c6 Qd6 39. Qa6 f4 40. Qb5
g5 41. Kg2 Kg6 42. Qb1+ Kf6 43. Qe4 g4 44. gxf4 exf4 45. h3 gxh3+ 46. Kh1 Qe5
47. Qf3 Kg5 48. Qc3 Qxc3 49. Rxc3 Kf5 50. Kh2 Ke5 51. Kxh3 Kd5 52. Kh4 Rxc6 53.
Rxc6 Kxc6 54. Kxh5 Kd5 55. f3 Kd4 56. Kh4 Ke5 57. Kg5 Ke6 58. Kxf4 Kf6 59. Ke4
Ke6 60. f4 Kf6 61. f5 Kf7 62. Ke5 Ke7 63. f6+ Kf7 64. Kf5 Kf8 65. Kg6 Kg8 66.
Kf5 Kf7 67. Kg5 Kf8 68. Kg6 Kg8 69. f7+ Kf8 70. Kf6 {Black stalemated} 1/2-1/2

[Event "Team 45 45 League T85"]
[Site "Internet Chess Club"]
[Date "2020.08.09"]
[Round "6"]
[White "julesraider"]
[Black "zappower"]
[Result "1-0"]
[WhiteElo "1614"]
[BlackElo "1431"]
[Opening "Grünfeld: exchange variation"]
[ECO "D85"]
[Time "21:00:37"]
[TimeControl "2700+45"]

1. d4 Nf6 2. c4 g6 3. Nc3 d5 4. cxd5 Nxd5 5. e4 Nxc3 6. bxc3 Bg7 7. Rb1 O-O 8.
Nf3 c5 9. Be2 Nc6 10. d5 Bxc3+ 11. Bd2 Bxd2+ 12. Qxd2 Na5 13. h4 f6 14. h5 g5
15. e5 b6 16. d6 Kh8 17. exf6 exf6 18. Rd1 Bf5 19. Qc3 h6 20. O-O Qe8 21. Rfe1
Qxh5 22. Ne5 Qe8 23. Bf3 fxe5 24. Rxe5 Qg6 25. Rxf5+ Qg7 26. Qxg7+ Kxg7 27. Bxa8
Rxa8 28. d7 Rd8 29. Re5 Kf7 30. Kf1 Nc6 31. Red5 Nb8 32. Rd6 Kg7 33. a4 c4 34.
Ke2 c3 35. R1d3 Na6 36. Rxc3 Nc5 37. Rc4 Nb7 38. Rc8 h5 39. Rxd8 Nxd8 40. Rd5
Kf6 41. Ke3 h4 42. Ke4 g4 43. Kf4 h3 44. gxh3 gxh3 45. Kg3 Ke6 46. Rd3 {Black
resigns} 1-0

[Event "Team 45 45 League T85"]
[Site "Internet Chess Club"]
[Date "2020.08.06"]
[Round "6"]
[White "KidRattler"]
[Black "Portola"]
[Result "1/2-1/2"]
[WhiteElo "1795"]
[BlackElo "1680"]
[Opening "Queen's pawn, Mason variation"]
[ECO "D00"]
[Time "07:30:44"]
[TimeControl "2700+45"]

1. d4 d5 2. Bf4 c6 3. Nf3 Nf6 4. h3 Bf5 5. e3 e6 6. c3 Nbd7 7. Nbd2 Be7 8. Be2
h6 9. O-O O-O 10. Rc1 b5 11. Ne5 Nxe5 12. dxe5 Nd7 13. Nf3 Bg6 14. b4 Nb6 15.
Qb3 Qc7 16. Nd4 a5 17. a3 Nc4 18. Bxc4 dxc4 19. Qb2 axb4 20. axb4 Ra6 21. Ra1
Rfa8 22. Rxa6 Rxa6 23. Ra1 Qb7 24. f3 Bd3 25. Kh2 Qa8 26. Rxa6 Qxa6 27. e4 Kh7
28. Bc1 Qb7 29. Qa3 Bd8 30. Bf4 Bc7 31. h4 Bd8 32. Bg3 Bb6 33. Be1 Qc7 34. Bg3
Qb7 35. Bf4 Bd8 36. Bg3 Bb6 37. Bf2 Bc7 38. Bg3 Bb6 39. Qb2 Bxd4 40. cxd4 Qa8
41. Be1 Kg8 42. Kg3 Qa4 43. Kf2 Qd1 44. Qd2 Qb3 45. Qc3 Qa2+ 46. Qd2 Qb1 47. g4
Qa1 48. Qc3 Qd1 49. Qd2 Qa1 50. Qc3 Qd1 51. Qd2 Qa1 {Game drawn by repetition}
1/2-1/2

[Event "Team 45 45 League T85"]
[Site "Internet Chess Club"]
[Date "2020.08.10"]
[Round "6"]
[White "Ajolote"]
[Black "janh"]
[Result "1-0"]
[WhiteElo "1980"]
[BlackElo "1892"]
[Opening "Caro-Kann: advance variation"]
[ECO "B12"]
[Time "19:10:52"]
[TimeControl "2700+45"]

1. e4 c6 2. d4 d5 3. e5 c5 4. Nf3 Nc6 5. c4 cxd4 6. Nxd4 e6 7. Nc3 Bb4 8. Nxc6
bxc6 9. Qa4 Bxc3+ 10. bxc3 Bd7 11. c5 Qc7 12. Bf4 Ne7 13. Bd3 Ng6 14. Bg3 O-O
15. O-O Rab8 16. f4 Rb2 17. f5 Ne7 18. Qh4 Be8 19. fxe6 Ng6 20. Bxg6 fxg6 21.
Rxf8+ Kxf8 22. Rf1+ Kg8 23. e7 {Black resigns} 1-0

[Event "Team 45 45 League T85"]
[Site "Internet Chess Club"]
[Date "2020.08.06"]
[Round "6"]
[White "ElValero"]
[Black "hipopotamos"]
[Result "0-1"]
[WhiteElo "1712"]
[BlackElo "1670"]
[Opening "Queen's pawn game, Darooha variation "]
[ECO "D11"]
[Time "15:00:12"]
[TimeControl "2700+45"]

1. Nf3 d5 2. d4 Nf6 3. c4 c6 4. Qc2 e6 5. Bg5 Be7 6. e3 Nbd7 7. cxd5 Nxd5 8.
Bxe7 Qxe7 9. Nc3 N7f6 10. a3 Bd7 11. Bd3 h6 12. O-O O-O 13. Rac1 Rac8 14. Ne5 c5
15. Nxd5 exd5 16. Nxd7 Nxd7 17. dxc5 Nxc5 18. Bf5 Rc7 19. b4 Ne6 20. Qb3 Rd8 21.
Rxc7 Qxc7 22. g3 Ng5 23. Bb1 Nf3+ 24. Kg2 Nd2 25. Qd3 Nxf1 26. Qh7+ Kf8 27. Kxf1
Qe5 28. Qh8+ Ke7 29. Qh7 d4 30. Ke2 dxe3 31. fxe3 Qh5+ 32. Kf2 Rd2+ {White
resigns} 0-1

[Event "Team 45 45 League T85"]
[Site "Internet Chess Club"]
[Date "2020.08.10"]
[Round "6"]
[White "cayo89"]
[Black "andrew37"]
[Result "0-1"]
[WhiteElo "1490"]
[BlackElo "1686"]
[Opening "Queen's pawn: London system"]
[ECO "A45"]
[Time "19:00:58"]
[TimeControl "2700+45"]

1. d4 Nf6 2. Bf4 d6 3. e3 Nbd7 4. Nf3 g6 5. h3 Bg7 6. Be2 c6 7. Nbd2 O-O 8. c3
Re8 9. Bh2 e5 10. dxe5 Nxe5 11. Nxe5 dxe5 12. e4 Bh6 13. Bf3 Qd3 14. Qe2 Qd8 15.
Nc4 Bf4 16. Rd1 Qc7 17. O-O Bxh2+ 18. Kxh2 Be6 19. b3 Rad8 20. Kg1 b5 21. Ne3
Qa5 22. Qb2 h5 23. Kh2 Nh7 24. h4 Qc7 25. Kg1 Qe7 26. g3 Bh3 27. Rfe1 Qe6 28.
Qe2 Nf6 29. Kh2 Bg4 30. Nxg4 hxg4 31. Bg2 Kg7 32. Rxd8 Rxd8 33. Rd1 Qe7 34. Rxd8
Qxd8 35. Qe3 Qa5 36. Qd2 Qc7 37. Qd3 Qd7 38. Qxd7 Nxd7 39. f3 gxf3 40. Bxf3 Nc5
41. b4 Na4 42. Bg4 Nxc3 43. Bd7 Nxe4 44. Bxc6 Nc3 45. a3 f5 46. Kg2 Kf6 47. Kf2
e4 48. Ke3 Ke5 49. Be8 Kf6 50. Bd7 Nb1 51. Bxb5 Nxa3 52. Ba4 Nc4+ 53. Ke2 Ne5
54. Be8 Ke6 55. h5 gxh5 56. Bxh5 Kd5 57. Be8 Kc4 58. b5 Kd4 59. Bh5 Ng4 60. Bg6
Ne3 61. Be8 Nd5 62. Bd7 Nc3+ 63. Ke1 Ke5 64. Kd2 Nd5 65. Ke2 Nf6 66. Bc8 Nd5 67.
Bd7 Nc7 68. Ke3 Nd5+ 69. Ke2 Nb6 70. Be8 Kf6 71. Ke3 Kg5 72. Bf7 Kf6 73. Be8
Nc4+ 74. Kf4 Ne5 75. Ke3 Ke6 76. Kf4 Nc4 77. Bg6 Nd6 78. Bh7 Kf6 79. g4 fxg4 80.
Bg8 g3 81. Kxg3 Ke5 82. Kf2 Nxb5 83. Ke3 Nd4 84. Bc4 a5 85. Ba2 Nc2+ 86. Kd2 Nb4
87. Bb3 Kd4 88. Ba4 e3+ 89. Ke2 Nd5 {White resigns} 0-1

[Event "Team 45 45 League T85"]
[Site "Internet Chess Club"]
[Date "2020.08.08"]
[Round "6"]
[White "howah45"]
[Black "fireball"]
[Result "0-1"]
[WhiteElo "1177"]
[BlackElo "1546"]
[Opening "French: advance, Euwe variation"]
[ECO "C02"]
[Time "09:14:37"]
[TimeControl "2700+45"]

1. e4 e6 2. d4 d5 3. e5 c5 4. c3 Bd7 5. Nf3 Nc6 6. a3 Qb6 7. g3 cxd4 8. cxd4
Nge7 9. Bg2 Ng6 10. O-O Be7 11. Nc3 f6 12. Na4 Qc7 13. Qe2 O-O 14. b4 fxe5 15.
Nxe5 Ncxe5 16. dxe5 Bxa4 17. Bb2 Qd7 18. Rfc1 Bb5 19. Qe3 b6 20. Rc3 d4 21. Qd2
dxc3 22. Qxd7 Bxd7 23. Bxa8 cxb2 24. Rb1 Rxa8 25. Rxb2 Bc6 26. f4 Rd8 27. Rc2
Bb5 28. Rc7 Rd7 29. Rxd7 Bxd7 30. Kf2 a5 31. Ke2 axb4 32. axb4 Bxb4 33. Kd3 Bc5
{White resigns} 0-1

[Event "Team 45 45 League T85"]
[Site "Internet Chess Club"]
[Date "2020.08.08"]
[Round "6"]
[White "ascoli"]
[Black "TwoEqualsOne"]
[Result "1/2-1/2"]
[WhiteElo "1593"]
[BlackElo "1810"]
[Opening "Réti: King's Indian attack"]
[ECO "A08"]
[Time "01:01:08"]
[TimeControl "2700+45"]

1. Nf3 d5 2. g3 c5 3. Bg2 Nc6 4. O-O Nf6 5. d3 e5 6. e4 d4 7. Nbd2 Bd6 8. a4 O-O
9. Nc4 Bc7 10. Ne1 Be6 11. f4 Bxc4 12. dxc4 Re8 13. f5 h6 14. g4 Nh7 15. Nf3 Ng5
16. Nxg5 hxg5 17. h4 gxh4 18. g5 g6 19. Qg4 gxf5 20. Qxf5 Qe7 21. Qh3 Kg7 22.
Qxh4 Rh8 23. Qg4 Qe6 24. Qxe6 fxe6 25. Rf6 Rae8 26. Bd2 Bd8 27. Rf3 Ref8 28.
Raf1 Rxf3 29. Rxf3 Rf8 30. Kf2 Rxf3+ 31. Kxf3 Kg6 32. Kg4 Be7 33. Kh4 Nd8 34.
Bh3 b6 35. Bg4 a5 36. Bh5+ Kg7 37. Kg4 Nc6 38. Be8 Nd8 39. g6 Kf8 40. Bb5 Bf6
41. Bh6+ Bg7 42. Kg5 Nb7 43. Bd7 Nd8 44. b3 Kg8 45. Kh5 {Game drawn by mutual
agreement} 1/2-1/2

[Event "Team 45 45 League T85"]
[Site "Internet Chess Club"]
[Date "2020.08.06"]
[Round "6"]
[White "elmaestro"]
[Black "ChessG2011"]
[Result "0-1"]
[WhiteElo "1662"]
[BlackElo "1541"]
[Opening "KGA: bishop's gambit, Greco variation"]
[ECO "C33"]
[Time "14:23:25"]
[TimeControl "2700+45"]

1. e4 e5 2. f4 exf4 3. Bc4 Qh4+ 4. Kf1 Bc5 5. d4 Bb6 6. Nf3 Qe7 7. Nc3 d6 8.
Bxf4 Nf6 9. e5 dxe5 10. dxe5 Qc5 11. Bxf7+ Kxf7 12. Ng5+ Ke8 13. Qe2 Bg4 14. Qe1
Qc4+ 15. Ne2 Bxe2+ 16. Qxe2 Qxf4+ 17. Ke1 Qxg5 18. exf6+ Qe3 19. Qxe3+ Bxe3 20.
Ke2 Bd4 21. fxg7 Bxg7 22. c3 Nc6 23. Rae1 Kd7 24. Rd1+ Ke6 25. Rhe1 Rhf8 26.
Kd3+ Kd5 27. Kc2+ Kc5 28. b4+ Kb6 29. a4 a5 30. Rd7 Bf6 31. b5 Ne5 32. Rd5 c6
33. bxc6 bxc6 34. Rdxe5 Bxe5 35. Rxe5 Rf2+ 36. Kb3 Rxg2 37. h4 Rd8 38. Re7 Rh8
39. c4 Rg3+ 40. Kb2 Rg4 {White resigns} 0-1

[Event "Team 45 45 League T85"]
[Site "Internet Chess Club"]
[Date "2020.08.09"]
[Round "6"]
[White "janh"]
[Black "MarcB"]
[Result "1/2-1/2"]
[WhiteElo "1905"]
[BlackElo "1915"]
[Opening "Queen's pawn: Chigorin variation"]
[ECO "D00"]
[Time "19:08:30"]
[TimeControl "2700+45"]

1. d4 d5 2. Nc3 Nf6 3. Bf4 c6 4. e3 e6 5. Nf3 Nbd7 6. Bd3 Be7 7. Ne5 Nxe5 8.
Bxe5 O-O 9. O-O Bd6 10. f4 c5 11. Nb5 Bxe5 12. fxe5 Ne8 13. c3 c4 14. Bb1 a6 15.
Na3 b5 16. Nc2 f5 17. Qh5 g6 18. Qf3 Rb8 19. Nb4 Qd7 20. a3 a5 21. Na2 Qg7 22.
Bc2 Bd7 23. Rf2 Nc7 24. Raf1 Qe7 25. Kh1 Na6 26. Nc1 b4 27. axb4 axb4 28. Ne2 b3
29. Bb1 {Game drawn by mutual agreement} 1/2-1/2

[Event "Team 45 45 League T85"]
[Site "Internet Chess Club"]
[Date "2020.08.07"]
[Round "6"]
[White "Ajolote"]
[Black "primerpaso"]
[Result "0-1"]
[WhiteElo "1967"]
[BlackElo "1812"]
[Opening "Sicilian: closed"]
[ECO "B24"]
[Time "14:20:06"]
[TimeControl "2700+45"]

1. e4 c5 2. Nc3 Nc6 3. g3 g6 4. Bg2 Bg7 5. d3 e6 6. Be3 b6 7. Qd2 Bb7 8. Nge2 d6
9. Bg5 Qd7 10. O-O-O h6 11. Be3 Nd4 12. Nf4 Ne7 13. h4 d5 14. exd5 exd5 15. h5
g5 16. Nfe2 Nxe2+ 17. Qxe2 d4 18. Bxb7 Qxb7 19. Ne4 O-O-O 20. Bd2 f5 21. Nxg5
hxg5 22. Qe6+ Qd7 23. Rde1 Qxe6 24. Rxe6 Kd7 25. Rhe1 Nd5 {White resigns} 0-1

[Event "Team 45 45 League T85"]
[Site "Internet Chess Club"]
[Date "2020.08.06"]
[Round "6"]
[White "ANGELLR"]
[Black "JPSVI"]
[Result "0-1"]
[WhiteElo "1832"]
[BlackElo "1793"]
[Opening "Dutch defense"]
[ECO "A40"]
[Time "20:02:39"]
[TimeControl "2700+45"]

1. d4 e6 2. c4 f5 3. a3 Nf6 4. Nc3 d6 5. f3 g6 6. Bg5 Bg7 7. e4 h6 8. Bh4 g5 9.
Bf2 fxe4 10. fxe4 Nc6 11. Be2 Qe7 12. Nf3 O-O 13. O-O b6 14. Kh1 Bb7 15. b4 Rae8
16. b5 Nd8 17. Qc2 Nd7 18. Nd2 c5 19. dxc5 dxc5 20. Bh5 Nf7 21. Bg3 Rd8 22. Rae1
Nfe5 23. Be2 Ng6 24. Bh5 Nde5 25. Ne2 Rxf1+ 26. Nxf1 Nd3 27. Bxg6 Nxe1 28. Bxe1
Qf6 29. Bf5 exf5 30. exf5 Qa1 31. Neg3 Qxe1 32. f6 Bxf6 33. Qf5 Bg7 34. h3 Rd2
35. Qg6 Rxg2 36. Qf5 Rf2+ 37. Kg1 Rxf5 38. Nxf5 Bd4+ {White resigns} 0-1

[Event "Team 45 45 League T85"]
[Site "Internet Chess Club"]
[Date "2020.08.08"]
[Round "6"]
[White "cayo89"]
[Black "ElValero"]
[Result "1/2-1/2"]
[WhiteElo "1510"]
[BlackElo "1703"]
[Opening "Queen's pawn: London system"]
[ECO "A45"]
[Time "07:00:13"]
[TimeControl "2700+45"]

1. d4 Nf6 2. Bf4 d5 3. e3 Bf5 4. c3 c6 5. Qb3 Qb6 6. Nd2 Nbd7 7. h3 e6 8. Ngf3
h6 9. Be2 c5 10. g4 Bg6 11. Ne5 Nxe5 12. dxe5 Ne4 13. Bb5+ Kd8 14. f3 Nxd2 15.
Kxd2 Rc8 16. Bd3 Qxb3 17. axb3 Bxd3 18. Kxd3 a6 19. Rhd1 Kc7 20. e4 dxe4+ 21.
Kxe4 Be7 22. Rd3 Rcd8 23. Rad1 Rxd3 24. Rxd3 Bg5 25. Be3 Be7 26. f4 h5 27. g5 g6
28. h4 Rd8 29. Rxd8 Kxd8 30. c4 b5 31. Kd3 Kd7 32. Kc3 Kc6 33. Kc2 Bd8 34. Bd2
a5 35. Kb1 Kb7 36. Ka2 Ka6 37. Ka3 Bc7 38. Be3 Bb6 39. Bd2 Bc7 40. Be3 b4+ 41.
Ka4 Bb6 42. Bf2 Ba7 43. Be3 Bb6 44. Bf2 Ba7 45. Be3 Bb6 {Game drawn by
repetition} 1/2-1/2

[Event "Team 45 45 League T85"]
[Site "Internet Chess Club"]
[Date "2020.08.06"]
[Round "6"]
[White "filmdirector"]
[Black "Tufnell"]
[Result "0-1"]
[WhiteElo "1625"]
[BlackElo "1854"]
[Opening "Sicilian: closed, 6.Be3"]
[ECO "B26"]
[Time "13:02:28"]
[TimeControl "2700+45"]

1. e4 c5 2. Nc3 g6 3. g3 Bg7 4. Bg2 Nc6 5. d3 d6 6. Be3 Rb8 7. Qd2 b5 8. f4 b4
9. Nce2 Bxb2 10. Rb1 Bg7 11. Nf3 e5 12. O-O Nge7 13. h3 O-O 14. g4 f5 15. gxf5
gxf5 16. fxe5 Nxe5 17. Bh6 N7g6 18. Bxg7 Kxg7 19. Nf4 Nxf4 20. Qxf4 fxe4 21.
Qg3+ Ng6 22. dxe4 Be6 23. Rbd1 Bxa2 24. Rxd6 Qe7 25. h4 Kh8 26. h5 Nf4 27. Rd2
Rbd8 28. Rdf2 Nxh5 29. Qg4 Nf6 30. Qh3 Nxe4 31. Re2 Bc4 32. Rxe4 Qxe4 33. Re1
Qf5 34. Qh4 Qf4 35. Qe7 Bd5 36. Re3 Rde8 37. Qxe8 Rxe8 38. Rxe8+ Kg7 39. Kf2 c4
40. Re7+ Kf6 41. Re8 b3 42. Rf8+ Bf7 43. Bf1 b2 44. Bxc4 Qxc4 45. Nd2 Qc5+ 46.
Ke2 Qxf8 47. Kd3 {White resigns} 0-1

[Event "Team 45 45 League T85"]
[Site "Internet Chess Club"]
[Date "2020.08.10"]
[Round "6"]
[White "room-matt"]
[Black "timothysmall56"]
[Result "1-0"]
[WhiteElo "1763"]
[BlackElo "1612"]
[Opening "Queen's pawn game"]
[ECO "A45"]
[Time "12:39:26"]
[TimeControl "2700+45"]

1. d4 Nf6 2. Nc3 e6 3. e4 Bb4 4. e5 Ne4 5. Ne2 Qh4 6. Be3 O-O 7. Qd3 f5 8. g3
Qh5 9. O-O-O Qf3 10. Rg1 Nxc3 11. Nxc3 Qh5 12. Be2 Qf7 13. Bf3 c6 14. a3 Be7 15.
Bf4 b5 16. Nxb5 Ba6 17. a4 g5 18. Be3 d5 19. exd6 Bf6 20. h4 g4 21. Bh1 Rc8 22.
Qb3 Nd7 23. Nc7 Rab8 24. Qxe6 Qxe6 25. Nxe6 Nb6 26. Nc5 Bc4 27. b3 Bf7 28. Na6
Rb7 29. Nc5 Rbb8 30. d7 Rd8 31. Bxc6 Nd5 32. Bg5 Bxg5+ 33. hxg5 Nc3 34. Rde1 Rb6
35. d5 Kg7 36. Ne6+ Bxe6 37. dxe6 Rxc6 38. e7 {Black resigns} 1-0

[Event "Team 45 45 League T85"]
[Site "Internet Chess Club"]
[Date "2020.08.06"]
[Round "6"]
[White "KidRattler"]
[Black "ChessPlayer2005"]
[Result "0-1"]
[WhiteElo "1777"]
[BlackElo "1777"]
[Opening "Giuoco Piano"]
[ECO "C54"]
[Time "12:02:14"]
[TimeControl "2700+45"]

1. e4 e5 2. Nf3 Nc6 3. Bc4 Bc5 4. c3 Nf6 5. d3 h6 6. b4 Bd6 7. O-O O-O 8. h3 Ne7
9. Re1 Ng6 10. Na3 c6 11. Nc2 Bc7 12. Bb3 d5 13. Bb2 Be6 14. Kh2 Qd7 15. c4 d4
16. c5 Nf4 17. Ng1 Nh7 18. Bc1 Ng5 19. Bxf4 exf4 20. f3 Bd8 21. Qd2 Bxb3 22.
axb3 Ne6 23. Qf2 Be7 24. e5 Qd8 25. Re4 Bh4 26. Qd2 Bg3+ 27. Kh1 Qg5 28. Nxd4
Nxd4 29. Rxd4 Qxe5 30. Qc3 Bf2 31. Ne2 Bxd4 32. Nxd4 Rfd8 33. Nb5 Qxc3 34. Nxc3
Rxd3 35. Ne4 Rxb3 36. Nd6 Rxb4 37. h4 a5 38. h5 a4 39. g4 a3 40. g5 hxg5 41. h6
gxh6 42. Nxf7 Kxf7 43. Kg2 a2 44. Rf1 a1=Q 45. Kh2 Rb2+ 46. Rf2 Rxf2+ 47. Kh3
Kg6 48. Kg4 h5+ 49. Kh3 Qf1# {White checkmated} 0-1

[Event "Team 45 45 League T85"]
[Site "Internet Chess Club"]
[Date "2020.08.06"]
[Round "6"]
[White "Yedixon"]
[Black "QuieroAprender"]
[Result "1-0"]
[WhiteElo "1633"]
[BlackElo "1573"]
[Opening "English: Anglo-Grünfeld, Czech defense"]
[ECO "A16"]
[Time "21:05:34"]
[TimeControl "2700+45"]

1. c4 Nf6 2. Nc3 g6 3. g3 d5 4. cxd5 Nxd5 5. Bg2 Nb6 6. d3 Bg4 7. Be3 c6 8. Nf3
Qc8 9. O-O Bh3 10. Qb3 Bxg2 11. Kxg2 Qc7 12. Ng5 e6 13. Bd4 e5 14. Bxe5 Qxe5 15.
Qxf7+ Kd8 16. Ne6+ Qxe6 17. Qxe6 Kc7 {Black resigns} 1-0

[Event "Team 45 45 League T85"]
[Site "Internet Chess Club"]
[Date "2020.08.05"]
[Round "6"]
[White "kabindra"]
[Black "ascoli"]
[Result "1-0"]
[WhiteElo "1666"]
[BlackElo "1584"]
[Opening "French: advance, Milner-Barry gambit"]
[ECO "C02"]
[Time "16:00:25"]
[TimeControl "2700+45"]

1. e4 e6 2. d4 d5 3. e5 c5 4. c3 Nc6 5. Nf3 Qb6 6. Bd3 cxd4 7. cxd4 Bd7 8. O-O
Nxd4 9. Nbd2 Nxf3+ 10. Nxf3 h6 11. Be3 Bc5 12. Bxc5 Qxc5 13. b4 Qb6 14. a4 Qxb4
15. Rb1 Qxa4 16. Qe2 Bc6 17. Rxb7 a6 18. Rc7 Ne7 19. Rc1 Bb5 20. Bxb5+ Qxb5 21.
Qc2 Rb8 22. h3 Qb6 23. Qa4+ Kf8 24. Qd7 Re8 25. Rb7 Qd8 26. Qa4 g6 27. Rcc7 Kg7
28. Qa3 g5 29. Rxe7 Rxe7 30. Qxe7 Qxe7 31. Rxe7 Ra8 32. Nd4 Kg6 33. g4 a5 34.
Nb5 a4 35. Na3 Ra5 36. Rb7 Rc5 37. Nb5 Rc1+ 38. Kg2 Re1 39. Nd6 Rxe5 40. Nxf7
Re1 41. Nd6 a3 42. Ra7 Ra1 43. Nb5 a2 44. Nc3 d4 45. Rxa2 Rc1 46. Ne2 Rd1 47.
Kf3 e5 48. Ra6+ Kg7 49. Ng3 Re1 50. Rd6 Rh1 {Black resigns} 1-0

[Event "Team 45 45 League T85"]
[Site "Internet Chess Club"]
[Date "2020.08.05"]
[Round "6"]
[White "danielcao"]
[Black "VictorRed"]
[Result "1/2-1/2"]
[WhiteElo "1399"]
[BlackElo "1561"]
[Opening "Sicilian: Labourdonnais-Löwenthal variation"]
[ECO "B32"]
[Time "22:00:15"]
[TimeControl "2700+45"]

1. e4 c5 2. Nf3 Nc6 3. d4 cxd4 4. Nxd4 e5 5. Nb5 Nf6 6. N1c3 Bb4 7. Nd6+ Bxd6 8.
Qxd6 Qe7 9. Nb5 Qxd6 10. Nxd6+ Ke7 11. Nf5+ Kf8 12. Bd3 d5 13. f3 Bxf5 14. exf5
e4 15. fxe4 dxe4 16. Bc4 Nd4 17. Bb3 Rc8 18. c3 Nxf5 19. Bg5 Ke7 20. O-O Nd6 21.
Rae1 h6 22. Bh4 g5 23. Bg3 Rhd8 24. Be5 Nde8 25. Rf2 b5 26. Rxe4 Rd1+ 27. Bxd1
Nxe4 28. Re2 f5 29. Bc2 Ke6 30. Bxe4 fxe4 31. Rxe4 Kf5 32. Re1 Rd8 33. Bd4 a6
34. Re5+ Kf4 35. g3+ Kg4 36. Kg2 Nd6 37. h3+ Kh5 38. Re6 g4 39. hxg4+ Kxg4 40.
Bf6 Rd7 41. Re7 Rxe7 42. Bxe7 Nc4 43. b3 Ne3+ 44. Kh2 Nf1+ 45. Kg2 Nxg3 46. c4
bxc4 47. bxc4 Nf5 48. Bf8 h5 49. c5 Nd4 50. Bg7 Nc6 51. Bc3 h4 52. Bf6 h3+ 53.
Kh2 a5 54. a4 Kf5 55. Bc3 Ke4 56. Kxh3 Kd5 57. Be1 Kxc5 58. Bxa5 Nxa5 59. Kg4
Kb4 {Game drawn by mutual agreement} 1/2-1/2

[Event "Team 45 45 League T85"]
[Site "Internet Chess Club"]
[Date "2020.08.09"]
[Round "6"]
[White "Toalla"]
[Black "dabodhi"]
[Result "0-1"]
[WhiteElo "1175"]
[BlackElo "1316"]
[Opening "Nimzovich-Larsen attack: classical variation"]
[ECO "A01"]
[Time "15:03:24"]
[TimeControl "2700+45"]

1. b3 d5 2. Bb2 c5 3. Nf3 Bg4 4. e3 Nc6 5. Bb5 Nf6 6. d3 Qa5+ 7. Nc3 d4 8. Bxc6+
bxc6 9. exd4 cxd4 10. Qd2 Bxf3 11. gxf3 dxc3 12. Bxc3 Qf5 13. Qe2 Qe6 14. b4
Qxe2+ 15. Kxe2 Nd5 16. Kd2 Nxc3 17. Kxc3 g6 18. Kc4 e6 19. Rab1 a6 20. h3 Kd7
21. d4 Bd6 22. Rhd1 Rhb8 23. c3 a5 24. b5 cxb5+ 25. Rxb5 Rxb5 26. Kxb5 Bc7 27.
a4 Rb8+ 28. Kc4 Rb2 29. d5 e5 30. Kd3 Rxf2 31. Ke4 Ra2 {White resigns} 0-1

[Event "Team 45 45 League T85"]
[Site "Internet Chess Club"]
[Date "2020.08.06"]
[Round "6"]
[White "Gojira"]
[Black "liujf"]
[Result "1-0"]
[WhiteElo "1576"]
[BlackElo "1642"]
[Opening "Queen's pawn: Chigorin variation"]
[ECO "D00"]
[Time "20:04:37"]
[TimeControl "2700+45"]

1. d4 d5 2. Nc3 Nf6 3. Bf4 e6 4. e3 c5 5. Nb5 Na6 6. c3 Qb6 7. a4 Be7 8. Nf3 O-O
9. Bd3 c4 10. Bc2 Bd7 11. b4 Bxb5 12. axb5 Qxb5 13. Ra5 Qb6 14. O-O Nb8 15. Ne5
Nbd7 16. Bg5 Rfe8 17. Ba4 Qc7 18. Bxf6 gxf6 19. Qg4+ Kf8 20. Nxd7+ {Black
resigns} 1-0

[Event "Team 45 45 League T85"]
[Site "Internet Chess Club"]
[Date "2020.08.09"]
[Round "6"]
[White "Hal2001"]
[Black "evan7284"]
[Result "1/2-1/2"]
[WhiteElo "1489"]
[BlackElo "1638"]
[Opening "Four knights game"]
[ECO "C47"]
[Time "15:13:25"]
[TimeControl "2700+45"]

1. e4 e5 2. Nf3 Nf6 3. Nc3 Nc6 4. h3 Bb4 5. d3 d6 6. Bg5 Bxc3+ 7. bxc3 Qe7 8. d4
Nd8 9. d5 h6 10. Bxf6 Qxf6 11. Bb5+ c6 12. dxc6 bxc6 13. Ba4 Ba6 14. Bb3 O-O 15.
c4 Qg6 16. O-O Nb7 17. Re1 Nc5 18. Nh4 Qe6 19. Qg4 Qxg4 20. hxg4 g6 21. Rad1
Rad8 22. g3 Bc8 23. f3 Kg7 24. Rd2 f5 25. gxf5 gxf5 26. c3 fxe4 27. fxe4 Bg4 28.
Kg2 Rf6 29. Bd1 Be6 30. Bb3 a5 31. Nf5+ Bxf5 32. exf5 Rxf5 33. Bc2 Rf6 34. Rxe5
dxe5 35. Rxd8 e4 36. Re8 Re6 37. Rxe6 Nxe6 38. Bxe4 c5 39. Kf3 Kf6 40. Bd5 Ng5+
41. Kf4 Nh3+ 42. Ke3 Ng5 43. g4 Ke5 44. Bg2 Ne6 {Game drawn by mutual agreement}
1/2-1/2

[Event "Team 45 45 League T85"]
[Site "Internet Chess Club"]
[Date "2020.08.10"]
[Round "6"]
[White "RD1974"]
[Black "Pawnchain"]
[Result "1-0"]
[WhiteElo "1536"]
[BlackElo "1359"]
[Opening "French defense, Steiner variation"]
[ECO "C00"]
[Time "10:01:44"]
[TimeControl "2700+45"]

1. e4 e6 2. c4 d5 3. cxd5 exd5 4. exd5 Nf6 5. Nc3 c6 6. dxc6 Nxc6 7. Bb5 Bc5 8.
Nf3 O-O 9. O-O Nd4 10. Nxd4 Bxd4 11. Qf3 Qb6 12. Ba4 Bg4 13. Qf4 Rad8 14. Ne4
Nxe4 15. Qxe4 Bh5 16. Bb3 Bf6 17. Qe3 Bd4 18. Qh3 Be2 19. g3 Bxf1 20. Qxf1 Rd6
21. d3 Rf6 22. Bf4 Bxf2+ 23. Qxf2 Qxf2+ 24. Kxf2 g5 25. Kf3 gxf4 26. gxf4 Rd8
27. Bc2 Rd4 28. Rg1+ Kf8 29. Rg4 Rg6 30. Rh4 Kg7 31. Ke3 Rdd6 32. f5 Rh6 33.
Rg4+ Kf6 34. h4 Rd5 35. d4 Rh5 36. a3 a5 37. b3 b6 38. a4 h6 39. Be4 Rdxf5 40.
Bxf5 Rxf5 41. Ke4 h5 42. Rf4 Rxf4+ 43. Kxf4 {Black resigns} 1-0